 Dungeon Crawl Stone Soup version 0.31.0-32-g396128a36d (webtiles) character file.

Game seed: 5199112244938605095

1138 JAYMINE the Grasshopper (level 8, -2/64 HPs)
             Began as a Gnoll Warper on Apr 13, 2024.
             Was an Initiate of Qazlal.
             Slain by an orc warrior
             ... wielding a +0 war axe
              (10 damage)
             ... on level 8 of the Dungeon.
             The game lasted 01:11:23 (3599 turns).

JAYMINE the Grasshopper (Gnoll Warper)              Turns: 3599, Time: 01:11:24

Health: -2/64      AC: 10    Str: 11    XL:     8   Next: 37%
Magic:  0/26       EV:  7    Int: 12    God:    Qazlal [......]
Gold:   178        SH:  0    Dex: 14    Spells: 17/19 levels left

rFire   . . .        l - +5 dagger of Chance {holy, rC+}
rCold   + . .        (no shield)
rNeg    . . .        i - +1 chain mail
rPois   +            (no helmet)
rElec   .            (no cloak)
rCorr   .            (no gloves)
SInv    .            (no boots)
Will    .....        e - amulet of guardian spirit Stlth
                     c - ring of poison resistance
HPRegen 0.30/turn    o - ring of magical power
MPRegen 0.20/turn

%: guardian spirit
@: no status effects
A: fangs 1, strong nose, distributed training
a: Renounce Religion


You were on level 8 of the Dungeon.
You worshipped Qazlal.
Qazlal was noncommittal.
You visited 2 branches of the dungeon, and saw 9 of its levels.
You also visited: Bailey.

You collected 178 gold pieces.

Inventory:

Hand Weapons
 a - a +0 falchion
 g - a +1 whip of pain
 k - a +2 whip of electrocution
 l - the +5 dagger of Chance (weapon) {holy, rC+}
   (You found it on level 7 of the Dungeon)

   rC+:       It protects you from cold.
 r - a +4 heavy trident
Missiles
 h - 2 atropa-tipped darts
 j - 5 boomerangs (quivered)
Armour
 b - an orb of light
 i - a +1 chain mail (worn)
Magical Staves
 m - a staff of death
Jewellery
 c - a ring of poison resistance (left hand)
 e - an amulet of guardian spirit (around neck)
 o - a ring of magical power (right hand)
Scrolls
 d - a scroll of acquirement {unknown}
 f - 2 scrolls of identify
 n - a scroll of enchant armour
 p - a scroll of vulnerability


   Skills:
 + Level 5.7 Fighting
 + Level 3.3 Short Blades
 + Level 5.7 Long Blades
 + Level 3.3 Axes
 + Level 3.3 Maces & Flails
 + Level 3.3 Polearms
 + Level 3.3 Staves
 + Level 3.3 Ranged Weapons
 + Level 4.2 Throwing
 + Level 4.2 Armour
 + Level 5.7 Dodging
 + Level 3.3 Stealth
 + Level 3.3 Shields
 + Level 3.3 Unarmed Combat
 + Level 6.1 Spellcasting
 + Level 2.7 Conjurations
 + Level 2.7 Hexes
 + Level 2.7 Summonings
 + Level 2.7 Necromancy
 + Level 6.1 Translocations
 + Level 2.7 Fire Magic
 + Level 2.7 Ice Magic
 + Level 2.7 Air Magic
 + Level 2.7 Earth Magic
 + Level 2.7 Alchemy
 + Level 3.6 Invocations
 + Level 3.3 Evocations
 + Level 3.0 Shapeshifting


You had 17 spell levels left.
You knew the following spells:

 Your Spells              Type           Power      Damage    Failure   Level
a - Blink                 Tloc           36%        N/A       50%         2

Your spell library contained the following spells:

 Spells                   Type           Power      Damage    Failure   Level
 Lesser Beckoning         Tloc           36%        N/A       50%         2
 Momentum Strike          Conj/Tloc      28%        3d8       75%         2
 Teleport Other           Tloc           18%        N/A       75%         3
 Mercury Vapours          Alch/Air       20%        N/A       93%         2
 Manifold Assault         Tloc           18%        N/A       98%         4
 Mephitic Cloud           Conj/Alch/Air  10%        N/A       99%         3
 Vhi's Electric Charge    Tloc/Air       28%        N/A       100%        4
 Freezing Cloud           Conj/Ice/Air   5%         6-21      100%        5


Dungeon Overview and Level Annotations

Branches:
Dungeon (8/15)             Temple (1/1) D:5          Bailey (visited)
   Lair: D:8-11

Altars:
Cheibriados
Fedhas
Gozag
Kikubaaqudgha
Makhleb
Nemelex Xobeh
Okawaru
Qazlal
Ru
Sif Muna
Trog
Vehumet
Wu Jian
Xom
Zin
The Shining One

Annotations:
D:8 Grum


Innate Abilities, Weirdness & Mutations

You have very sharp teeth.
Your uncanny sense of smell can sniff out nearby items.
Your experience applies equally to all skills.


Message History

The orc warrior barely misses you.
There is a gate leading back out of this place here.
The orc warrior hits you but does no damage.
Welcome back to the Dungeon!
There is an empty arch of ancient stone here.
There is an escape hatch in the floor here.
The orc warrior hits you with a +0 war axe.
* * * LOW HITPOINT WARNING * * *
You slide downwards.
The hatch slams shut behind you.
Grum growls angrily.
The wolf howls! x3
Blink to where?
Press: ? - help, Q - select action, (/) - cycle Dir - move target
Found 17 gold pieces.
As you read the scroll of blinking, it crumbles to dust.
Grum sniffs the air and quickly glances around.
The wolf bites you but does no damage. The wolf barely misses you.
The wolf bites you but does no damage. The wolf bites you!
* * * LOW HITPOINT WARNING * * *
The wolf bites you. The wolf bites you.
* * * LOW HITPOINT WARNING * * *
You open the door. The wolf bites you.
* * * LOW HITPOINT WARNING * * *
The wolf barely misses you.
Found 33 gold pieces.
The wolf attacks as it pursues you! The wolf bites you.
* * * LOW HITPOINT WARNING * * *
The wolf bites you.
* * * LOW HITPOINT WARNING * * *
There is an open door here.
The wolf attacks as it pursues you! The wolf barely misses you.
You see here 18 gold pieces.
The wolf completely misses you. The wolf completely misses you.
The wolf barely misses you. The wolf bites you.
* * * LOW HITPOINT WARNING * * *
The orc warrior hits you with a +0 war axe!
You die...

#.##############.#
#........g.h...#.#
#####...######.#.#
.####...# #g#.#
.#......# #.#.#
.#.g....## #.#.#
..h........###h#.#
..............$o@#
#.....$........h.#
####..####.......#
##.# #.......# ∆
#.# #####....#
#.$.... ........
..........
.......##.#


You could see an orc warrior and 2 wolves.

Vanquished Creatures
  An orc warrior (Bailey)
  5 black bears
  4 scorpions
  A howler monkey (D:5)
  2 bombardier beetles (D:4)
  A jelly (D:7)
  A hound (D:6)
  A sleepcap (D:6)
  An iguana (D:5)
  An orc wizard (D:5)
  4 adders
  A shadow imp (D:7)
  2 ufetubi (D:5)
  A ribbon worm (D:3)
  6 orcs
  4 endoplasms
  3 giant cockroaches
  4 hobgoblins
  9 kobolds
  2 quokkas
  3 ball pythons
  2 bats (D:2)
  A frilled lizard (D:3)
  9 goblins
  4 rats
73 creatures vanquished.

Notes
Turn   | Place    | Note
-------+----------+-------------------------------------------
     0 | D:1      | JAYMINE the Gnoll Warper began the quest for the Orb.
     0 | D:1      | Reached XP level 1. HP: 20/20 MP: 6/6
   244 | D:1      | You fall into a shaft and drop 1 floor!
   292 | D:2      | Reached XP level 2. HP: 26/26 MP: 7/7
   388 | D:3      | Reached skill level 5 in Spellcasting
   388 | D:3      | Reached XP level 3. HP: 26/31 MP: 7/9
   590 | D:2      | Reached skill level 1 in Invocations
   843 | D:3      | Reached skill level 1 in Short Blades
   843 | D:3      | Reached skill level 1 in Axes
   843 | D:3      | Reached skill level 1 in Maces & Flails
   843 | D:3      | Reached skill level 1 in Polearms
   843 | D:3      | Reached skill level 1 in Staves
   843 | D:3      | Reached skill level 1 in Ranged Weapons
   843 | D:3      | Reached skill level 1 in Stealth
   843 | D:3      | Reached skill level 1 in Shields
   843 | D:3      | Reached skill level 1 in Unarmed Combat
   843 | D:3      | Reached skill level 1 in Evocations
  1075 | D:4      | Noticed a black bear
  1084 | D:4      | Noticed an ogre
  1085 | D:4      | Killed a black bear
  1086 | D:4      | Reached skill level 1 in Conjurations
  1086 | D:4      | Reached skill level 1 in Hexes
  1086 | D:4      | Reached skill level 1 in Summonings
  1086 | D:4      | Reached skill level 1 in Necromancy
  1086 | D:4      | Reached skill level 1 in Fire Magic
  1086 | D:4      | Reached skill level 1 in Ice Magic
  1086 | D:4      | Reached skill level 1 in Air Magic
  1086 | D:4      | Reached skill level 1 in Earth Magic
  1086 | D:4      | Reached skill level 1 in Alchemy
  1086 | D:4      | Reached skill level 1 in Shapeshifting
  1086 | D:4      | Reached XP level 4. HP: 27/38 MP: 7/11
  1086 | D:4      | Reached XP level 5. HP: 30/43 MP: 7/12
  1351 | D:4      | Reached skill level 5 in Fighting
  1351 | D:4      | Reached skill level 5 in Long Blades
  1351 | D:4      | Reached skill level 5 in Dodging
  1351 | D:4      | Reached XP level 6. HP: 37/51 MP: 10/14
  1438 | D:4      | Learned a level 2 spell: Blink
  1487 | D:5      | Entered Level 5 of the Dungeon
  1885 | D:5      | Found a staircase to the Ecumenical Temple.
  1921 | Temple   | Entered the Ecumenical Temple
  2299 | Temple   | Became a worshipper of Qazlal Stormbringer
  2369 | D:5      | Reached XP level 7. HP: 44/56 MP: 15/15
  2848 | D:6      | Found a bloodstained altar of Trog.
  2914 | D:6      | HP: 4/84 [black bear (1)]
  3261 | D:6      | Reached XP level 8. HP: 42/63 MP: 16/16
  3395 | D:7      | Identified the +5 dagger of Chance {holy, rC+}
  3447 | D:7      | Found a flagged portal.
  3480 | Bailey   | Entered a bailey
  3575 | D:8      | Noticed Grum
  3599 | D:8      | Slain by an orc warrior

Illustrated notes

Levels and vault maps discovered:
D:1:      dpeg_arrival_rhombus, layout_loops_ring
D:2:      layout_loops_ring
D:3:      layout_basic
D:4:      layout_rooms
D:5:      layout_basic, minmay_temple_entry_overgrown,
          kennysheep_generic_room_15, uniq_menkaure
D:6:      layout_gridville, trog_ov_bears_minmay
D:7:      layout_loops_ring, riverfiend_overflow_shadow_ancestor, enter_bailey_5
D:8:      layout_basic, uniq_grum
Temple:   regret_index_temple_waves

Skill      XL: |  1  2  3  4  5  6  7  8 |
---------------+-------------------------+-----
Spellcasting   | 5 6 |  6.1
Invocations    | 1 2 3 |  3.6
Short Blades   | 1 2 3 |  3.3
Axes           | 1 2 3 |  3.3
Maces & Flails | 1 2 3 |  3.3
Polearms       | 1 2 3 |  3.3
Staves         | 1 2 3 |  3.3
Ranged Weapons | 1 2 3 |  3.3
Stealth        | 1 2 3 |  3.3
Shields        | 1 2 3 |  3.3
Unarmed Combat | 1 2 3 |  3.3
Evocations     | 1 2 3 |  3.3
Throwing       | 3 4 |  4.2
Armour         | 3 4 |  4.2
Conjurations   | 1 2 |  2.7
Hexes          | 1 2 |  2.7
Summonings     | 1 2 |  2.7
Necromancy     | 1 2 |  2.7
Fire Magic     | 1 2 |  2.7
Ice Magic      | 1 2 |  2.7
Air Magic      | 1 2 |  2.7
Earth Magic    | 1 2 |  2.7
Alchemy        | 1 2 |  2.7
Shapeshifting  | 1 2 3 |  3.0
Fighting       | 5 |  5.7
Long Blades    | 5 |  5.7
Dodging        | 5 |  5.7
Translocations | 6 |  6.1

Action                     |  1- 3 |  4- 6 |  7- 9 || total
---------------------------+-------+-------+-------++-------
  Melee: Whip              |   105 |    93 |    32 ||   230
         Bite              |    10 |     9 |     6 ||    25
         Falchion          |     2 |       |       ||     2
         Punch             |     2 |     1 |     1 ||     4
         Trident           |       |       |    31 ||    31
         Dagger            |       |       |     3 ||     3
  Throw: Dart              |     1 |    10 |     5 ||    16
         Boomerang         |       |       |    29 ||    29
   Cast: Blink             |       |       |     1 ||     1
  Evoke: Wand              |     2 |     2 |     3 ||     7
    Use: Scroll            |     1 |     4 |     4 ||     9
         Potion            |       |     2 |     6 ||     8
   Stab: Invisible         |       |     2 |       ||     2
 Armour: Ring mail         |     6 |       |       ||     6
         Chain mail        |   165 |    96 |   241 ||   502
         Skin              |       |       |     6 ||     6
  Dodge: Dodged            |    82 |    35 |   107 ||   224
